 Dungeon Crawl Stone Soup version 0.26.1-2-gb8aa6d0cf2 (webtiles) character file.

Game seed: 7021100473012954907

6074 Gabide the Grappler (level 10, -1/81 HPs)
             Began as a Ghoul Monk on Mar 5, 2021.
             Was a Believer of Ashenzari.
             Slain by a yak (6 damage)
             ... on level 9 of the Dungeon.
             The game lasted 00:16:45 (9575 turns).

Gabide the Grappler (Ghoul Monk)                    Turns: 9575, Time: 00:16:45

Health: -1/81      AC: 15    Str: 19    XL:     10   Next: 88%
Magic:  9/9        EV: 13    Int:  5    God:    Ashenzari [**....]
Gold:   489        SH:  0    Dex: 11    Spells: 9/9 levels left

rFire    + . .     SeeInvis .     - Unarmed
rCold    + . .     Faith    .   (no shield)
rNeg     + + +     Spirit   .   e - +5 ring mail (curse)
rPois    ∞         Reflect  .   j - +1 helmet
rElec    .         Harm     .   m - +0 cloak
rCorr    .         Rampage  .   (no gloves)
Will     .....                  c - +0 pair of boots
Stlth    ++........             (no amulet)
HPRegen  0.00/turn              b - ring of protection from fire
MPRegen  0.11/turn              (no ring)

@: no status effects
A: claws 1, cold resistance 1, negative energy resistance 3, inhibited
regeneration, torment resistance, unbreathing
a: Renounce Religion, Curse Item, Scrying


You were on level 9 of the Dungeon.
You worshipped Ashenzari.
Ashenzari was pleased with you.
You visited 2 branches of the dungeon, and saw 10 of its levels.

You collected 489 gold pieces.

Inventory:

Armour
 c - a +0 pair of boots (worn)
 e - a cursed +5 ring mail (worn)
 j - a +1 helmet (worn)
 m - a +0 cloak (worn)
Jewellery
 b - a ring of protection from fire (left claw)
 h - an uncursed ring of flight
 q - the ring of Lamokhla {Ice Str+3 SInv}
   (You found it on level 5 of the Dungeon)

   [ring of ice]

   It enhances your ice magic.
   It affects your strength (+3).
   It makes you vulnerable to fire.
   It protects you from cold.
   It lets you see invisible.
 v - an uncursed ring of wizardry
Wands
 i - a wand of disintegration (7)
 s - a wand of digging (4)
 w - a wand of random effects (19)
Scrolls
 d - a scroll of identify
 r - 2 scrolls of amnesia
 t - a scroll of enchant weapon
 z - a scroll of teleportation
Potions
 a - 2 potions of magic
 f - 2 potions of cancellation
 g - 2 potions of lignification
 k - a potion of haste {unknown}
 l - a potion of invisibility {unknown}
 n - a potion of brilliance {unknown}
 o - 2 potions of curing {unknown}
 A - a potion of degeneration {unknown}


   Skills:
 * Level 5.5 Fighting
 + Level 5.3 Armour
 * Level 6.3 Dodging
 - Level 3.8 Stealth
 + Level 13.6 Unarmed Combat


You had 9 spell levels left.
You didn't know any spells.
Your spell library contained the following spells:

 Spells                   Type           Power        Failure   Level
 Beastly Appendage        Tmut           Unusable     N/A         1
 Wereblood                Tmut           Unusable     N/A         2
 Spider Form              Tmut/Pois      Unusable     N/A         3
 Ice Form                 Ice/Tmut       Unusable     N/A         4
 Blade Hands              Tmut           Unusable     N/A         5

Dungeon Overview and Level Annotations

Branches:
Dungeon (9/15)             Temple (1/1) D:7
   Lair: D:8-11         Orc: D:9-12

Altars:
Ashenzari
Cheibriados
Dithmenos
Elyvilon
Fedhas
Gozag
Hepliaklqana
Kikubaaqudgha
Makhleb
Nemelex Xobeh
Okawaru
Qazlal
Ru
Sif Muna
Trog
Uskayaw
Vehumet
Wu Jian
Xom
Yredelemnul
Zin
The Shining One

Annotations:
D:8 exclusions: electric eel and 3 more exclusions, Prince Ribbit
D:9 Erolcha


Innate Abilities, Weirdness & Mutations

You thrive by killing the living.
You are immune to poison.
You have sharp fingernails.
Your flesh is cold resistant. (rC+)
You are immune to negative energy. (rN+++)
You do not regenerate when monsters are visible.
You are immune to unholy pain and torment.
You can survive without breathing.


Message History

Throw: dart (atropa)
Press: ? - help, Q - select action, (/) - cycle Shift-Dir - straight line, f/p - yak
Aim: a yak (moderately wounded, 69% to hit, chance to blind on hit: 19%)
You throw an atropa-tipped dart. The atropa-tipped dart hits the yak.
The yak resists.
The yak is moderately wounded.
The yak gores you but does no damage.
You see here an atropa-tipped dart.
You see here an atropa-tipped dart.
p - an atropa-tipped dart The yak gores you.
* * * LOW HITPOINT WARNING * * *
Throw: dart (atropa)
Press: ? - help, Q - select action, (/) - cycle Shift-Dir - straight line, f/p - yak
Aim: a yak (moderately wounded, 69% to hit, chance to blind on hit: 30%)
You throw an atropa-tipped dart. The atropa-tipped dart hits the yak.
The yak resists.
The yak is moderately wounded.
The yak gores you.
You die...

* , #################### # *
#.....@Y.Y.........# #.*
#.################.# ,*#.#
#.# #.# ,*,#.######Y# #.# ,
*##†......################Y#
#..Y<.....#.....(.........#
*#Y#######.#..#############.#
.!Y *
#...###.............#.## ##
*{* #.##.#..####...#.......#


You could see 2 yaks.

Vanquished Creatures
  A gargoyle (D:9)
  A polar bear (D:8)
  A hornet (D:9)
  Sigmund (D:4)
  10 yaks
  A water moccasin (D:9)
  3 orc warriors
  4 ice beasts
  A black bear (D:8)
  A hornet zombie (D:9)
  2 phantoms
  4 ogres
  3 centaurs
  A wolf (D:8)
  A bullfrog (D:7)
  A wyvern zombie (D:9)
  A hornet simulacrum (D:8)
  2 scorpions
  12 killer bees
  An electric eel (D:8)
  6 hounds
  5 orc wizards
  2 jellies
  A bullfrog skeleton (D:7)
  2 centaur skeletons
  2 orc priests
  2 iguanas
  5 worker ants
  4 hell rats (D:8)
  A hound skeleton (D:8)
  4 worker ant zombies
  4 gnolls (D:5)
  6 river rats (D:8)
  16 adders
  A shadow imp (D:6)
  2 white imps
  2 ufetubi
  3 worms
  2 dart slugs
  4 leopard geckos
  21 orcs
  3 ball pythons
  4 giant cockroaches
  5 goblins
  6 hobgoblins
  9 jackals
  9 kobolds
  10 quokkas
  3 bats (D:3)
  4 frilled lizards
  A leopard gecko zombie (D:9)
  22 rats
223 creatures vanquished.

Vanquished Creatures (others)
  3 plants (D:8)
3 creatures vanquished.

Grand Total: 226 creatures vanquished

Notes
Turn   | Place    | Note
-------+----------+-------------------------------------------
     0 | D:1      | Gabide the Ghoul Monk began the quest for the Orb.
     0 | D:1      | Reached XP level 1. HP: 19/19 MP: 0/0
   345 | D:1      | Reached XP level 2. HP: 26/26 MP: 1/1
   870 | D:2      | Reached XP level 3. HP: 31/31 MP: 2/2
   904 | D:2      | Reached skill level 4 in Unarmed Combat
  1045 | D:2      | Reached XP level 4. HP: 38/38 MP: 3/3
  1653 | D:3      | Reached skill level 1 in Armour
  1705 | D:3      | Reached skill level 5 in Unarmed Combat
  1803 | D:3      | Reached XP level 5. HP: 40/45 MP: 4/4
  2380 | D:3      | Reached XP level 6. HP: 44/51 MP: 5/5
  2474 | D:4      | Reached skill level 6 in Unarmed Combat
  2522 | D:4      | Noticed Sigmund
  2542 | D:4      | Killed Sigmund
  2543 | D:4      | Reached XP level 7. HP: 51/57 MP: 6/6
  2690 | D:4      | Reached skill level 7 in Unarmed Combat
  3232 | D:5      | Entered Level 5 of the Dungeon
  3361 | D:5      | Got a faintly glowing glass ring
  3363 | D:5      | Identified the ring of Lamokhla {Ice Str+3 SInv} (You found
                  | it on level 5 of the Dungeon)
  3519 | D:5      | Reached skill level 8 in Unarmed Combat
  3569 | D:5      | Reached XP level 8. HP: 60/64 MP: 7/7
  3847 | D:5      | Found a shimmering blue altar of Sif Muna.
  4282 | D:6      | Reached skill level 9 in Unarmed Combat
  4780 | D:6      | Reached skill level 10 in Unarmed Combat
  5311 | D:7      | Reached XP level 9. HP: 71/71 MP: 8/8
  5457 | D:7      | Found a staircase to the Ecumenical Temple.
  5494 | Temple   | Entered the Ecumenical Temple
  5513 | Temple   | Became a worshipper of Ashenzari the Shackled
  5513 | Temple   | Reached * piety under Ashenzari
  5513 | Temple   | Reached ** piety under Ashenzari
  5903 | D:7      | Reached skill level 11 in Unarmed Combat
  6332 | D:7      | Reached skill level 5 in Dodging
  6826 | D:8      | Noticed a polar bear
  6831 | D:8      | Killed a polar bear
  6971 | D:8      | Reached skill level 12 in Unarmed Combat
  7221 | D:8      | Reached XP level 10. HP: 58/78 MP: 9/9
  7954 | D:8      | Noticed Prince Ribbit
  8732 | D:9      | Reached skill level 5 in Armour
  8745 | D:9      | Reached skill level 13 in Unarmed Combat
  8774 | D:9      | Reached skill level 5 in Fighting
  9156 | D:9      | Noticed a gargoyle
  9157 | D:9      | Noticed Erolcha
  9162 | D:9      | Killed a gargoyle
  9575 | D:9      | Slain by a yak

Illustrated notes

Levels and vault maps discovered:
D:1:      saegor_arrival_simple_d, layout_basic, minmay_tromino_v4_c
D:2:      layout_loops_ring
D:3:      layout_rooms
D:4:      layout_basic, uniq_sigmund
D:5:      layout_loops_cross, led_sif_pool
D:6:      layout_loops_ring
D:7:      layout_basic, minmay_temple_entry_wispy, roderic_filled_cross
D:8:      lemuel_ratsnest, layout_rooms, serial_ice, serial_ice_b, serial_ice_g,
          serial_ice_n, serial_ice_m, serial_ice_f, serial_ice_l,
          chequers_big_river, uniq_prince_ribbit1
D:9:      layout_loops_ring, lair_entry_dummy, minmay_fractal_squares_5,
          uniq_erolcha
Temple:   compressed_dpeg_triangle_lava_temple

Skill      XL: |  1  2  3  4  5  6  7  8  9 10 |
---------------+-------------------------------+-----
Dodging        | 3 4 5 6 |  6.3
Unarmed Combat | 4 5 6 8 10 12 13 | 13.6
Armour         | 1 2 3 4 5 |  5.3
Stealth        | 3 |  3.8
Fighting       | 4 5 |  5.5

Action                   |  1- 3 |  4- 6 |  7- 9 | 10-12 || total
-------------------------+-------+-------+-------+-------++-------
Melee: Unarmed           |    85 |   155 |   339 |   296 ||   875
       Punch             |       |     1 |    18 |     9 ||    28
Throw: Dart              |       |       |     1 |    11 ||    12
Invok: Curse Item        |       |       |     1 |       ||     1
  Use: Scroll            |    11 |     3 |    10 |     5 ||    29
       Potion            |       |     1 |       |     1 ||     2
 Stab: Sleeping          |     1 |     3 |     1 |     2 ||     7
Armor: Ring mail         |    23 |    68 |   129 |    72 ||   292
Dodge: Dodged            |    40 |    87 |   218 |   147 ||   492
